Map: Invader LE

Players

BushiDo - Winner!

  • Race: Protoss Protoss

blackxored

  • Race: Zerg Zerg
  • League: Diamond

VOD

Have the link to the VOD?

Description

Time

  • Played on: July 3, 2016, 8:46 a.m.
  • Length: 8:34
Show
View Real Time Build Order
Export as new Build Order

BushiDo Protoss - Winner!

Build Orders: Forge Fast Expand (FFE) 

Get SALT Encoding   

  12  0:01  Probe (Chrono Boost)  
  13  0:12  Probe (Chrono Boost)  
  14  0:19  Pylon  
  14  0:22  Probe (Chrono Boost)  
  15  0:38  Forge  
  15  0:43  Probe (Chrono Boost)  
  16  0:53  Probe (Chrono Boost)  
  18  1:04  Probe (Chrono Boost)  
  18  1:14  Probe (Chrono Boost)  
  19  1:22  Nexus  
  19  1:25  Probe (Chrono Boost)  
  20  1:32  Gateway  
  20  1:36  Probe (Chrono Boost)  
  21  1:43  Photon Cannon  
  21  1:48  Probe (Chrono Boost)  
  22  1:55  Pylon  
  22  2:00  Assimilator  
  22  2:05  Assimilator  
  22  2:07  Probe (Chrono Boost)  
  23  2:18  Probe (Chrono Boost)  
  24  2:28  Probe (Chrono Boost)  
  25  2:34  Zealot  
  27  2:38  Cybernetics Core  
  27  2:39  Probe (Chrono Boost)  
  27  2:42  Probe (Chrono Boost)  
  29  2:49  Probe (Chrono Boost)  
  30  2:51  Pylon  
  30  2:53  Probe (Chrono Boost)  
  31  3:00  Probe (Chrono Boost)  
  31  3:03  Warp Gate (Chrono Boost), Probe (Chrono Boost)  
  33  3:10  Probe (Chrono Boost)  
  34  3:13  Probe (Chrono Boost)  
  34  3:17  Stalker  
  34  3:19  Probe  
  36  3:25  Assimilator  
  36  3:26  Mothership Core (Chrono Boost)  
  39  3:27  Assimilator  
  39  3:30  Probe (Chrono Boost)  
  39  3:33  Robotics Facility  
  40  3:44  Probe (Chrono Boost)  
  40  3:46  Probe (Chrono Boost)  
  42  3:53  Protoss Ground Weapons Level 1 (Chrono Boost)  
  42  3:57  Probe (Chrono Boost)  
  42  3:59  Probe (Chrono Boost)  
  42  4:01  Pylon  
  44  4:08  Probe (Chrono Boost)  
  46  4:10  Sentry  
  46  4:11  Probe (Chrono Boost)  
  48  4:18  Probe (Chrono Boost)  
  48  4:20  Pylon  
  48  4:21  Observer (Chrono Boost), Probe (Chrono Boost)  
  51  4:30  Probe  
  52  4:40  Immortal (Chrono Boost)  
  56  4:47  Gateway  
  56  4:49  Gateway  
  56  4:50  Gateway  
  56  4:52  Gateway  
  56  4:55  Gateway  
  56  4:58  Pylon  
  56  5:05  Stalker  
  58  5:08  Pylon  
  58  5:12  Pylon  
  58  5:16  Immortal  
  62  5:24  Probe  
  63  5:36  Probe  
  63  5:37  Gateway  
  63  5:40  Pylon x2  
  63  5:44  Stalker  
  63  5:49  Probe  
  66  5:55  Immortal  
  70  6:02  Sentry x3  
  70  6:03  Pylon  
  76  6:09  Protoss Ground Armor Level 1 (Chrono Boost)  
  76  6:14  Sentry x3  
  76  6:18  Pylon  
  82  6:25  Pylon  
  82  6:28  Adept  
  82  6:29  Adept x2  
  88  6:38  Pylon  
  88  6:39  Zealot x4  
  96  6:46  Warp Prism  
  96  6:51  Stalker x2  
  96  6:52  Pylon  
  102  6:58  Sentry  
  102  7:00  Sentry x4  
  112  7:17  Zealot x2  
  116  7:27  Zealot x5  
  108  7:53  Probe x2  
  108  7:56  Zealot  
  108  7:57  Zealot x5  
  122  8:05  Probe  
  122  8:06  Probe  
  124  8:18  Probe  
  124  8:19  Zealot x2  
  121  8:20  Zealot  
  121  8:22  Sentry  
  121  8:23  Sentry x2  
  115  8:33  Zealot  
Show
View Real Time Build Order
Export as new Build Order

blackxored Zerg 

Build Orders: Hatch First 

Get SALT Encoding   

  12  0:01  Drone  
  13  0:07  Drone  
  14  0:17  Overlord  
  14  0:22  Extractor  
  14  0:23  Drone  
  15  0:36  Drone  
  15  0:37  Drone  
  17  0:56  Hatchery  
  16  0:57  Drone  
  16  1:00  Drone  
  18  1:11  Extractor  
  18  1:14  Spawning Pool  
  18  1:17  Drone  
  17  1:21  Drone  
  18  1:27  Drone  
  19  1:39  Overlord  
  19  1:49  Drone  
  20  2:02  Queen  
  20  2:07  Zergling x2  
  23  2:09  Zergling x2  
  23  2:14  Metabolic Boost  
  24  2:18  Hatchery  
  23  2:24  Drone x2  
  23  2:27  Overlord  
  25  2:34  Zergling x4  
  27  2:40  Drone  
  28  2:46  Queen  
  30  3:00  Drone x3  
  32  3:09  Drone x2  
  32  3:12  Pneumatized Carapace  
  34  3:14  Drone x3  
  34  3:16  Drone  
  38  3:29  Drone  
  38  3:30  Drone x2  
  38  3:32  Drone  
  42  3:34  Overlord  
  42  3:40  Drone  
  43  3:45  Drone x2, Evolution Chamber  
  44  3:49  Baneling Nest  
  44  3:50  Queen  
  45  4:04  Drone  
  45  4:05  Extractor  
  45  4:07  Drone x3  
  45  4:08  Overlord  
  45  4:09  Zergling x8  
  52  4:11  Zergling x2  
  52  4:13  Zergling x2  
  54  4:21  Zerg Melee Weapons Level 1  
  54  4:25  Lair  
  54  4:29  Drone x5  
  54  4:31  Drone  
  60  4:32  Drone  
  61  4:45  Extractor, Drone x2  
  62  4:46  Extractor, Drone  
  62  4:47  Drone  
  62  4:51  Drone  
  62  4:52  Drone  
  65  4:54  Overlord x3  
  65  5:15  Drone x2  
  65  5:18  Hatchery  
  66  5:23  Zergling x18  
  66  5:24  Baneling  
  66  5:25  Baneling x10  
  66  5:26  Baneling  
  75  5:33  Centrifical Hooks  
  75  5:39  Overlord  
  75  5:48  Drone x10  
  85  5:55  Extractor x2, Drone, Infestation Pit  
  85  5:56  Drone  
  84  5:57  Evolution Chamber  
  84  5:58  Drone  
  84  6:03  Drone  
  85  6:05  Drone x3  
  85  6:06  Drone  
  85  6:09  Drone  
  85  6:11  Drone  
  91  6:23  Zerg Ground Armor Level 1  
  91  6:35  Hive  
  91  6:42  Drone x13  
  91  6:46  Baneling x10  
  104  6:57  Overlord x3  
  103  7:01  Baneling x4  
  103  7:02  Baneling  
  102  7:14  Queen  
  100  7:21  Zergling x34  
  112  7:30  Zergling x8  
  112  7:36  Overlord  
  103  7:44  Zergling x6  
  90  7:52  Baneling x6  
  90  7:57  Zergling x6  
  93  8:03  Zergling x4  
Tags
 
Add a new tag
Caveats
  • Supply blocks, unpowered buildings, or Contaminate may cause inaccurate times.
  • Supply counts are checked every 10 seconds.